 Dungeon Crawl Stone Soup version 0.25-a0-528-g6b7c99946c (webtiles) character file.

Game seed: 3733205467876872501, levelgen mode: classic

1011 EnegeticOcto the Chopper (level 8, 60/111 HPs)
             Began as a Deep Dwarf Fighter on Feb 19, 2020.
             Quit the game on level 6 of the Dungeon.
             The game lasted 00:02:20 (2641 turns).

EnegeticOcto the Chopper (Deep Dwarf Fighter)       Turns: 2641, Time: 00:02:21

Health: 60/111     AC:  9    Str: 27    XL:     8   Next: 1%
Magic:  2/2        EV: 10    Int:  9    God:
Gold:   201        SH: 10    Dex: 12    Spells: 7/7 levels left

rFire    . . .     SeeInvis .   a - +0 war axe
rCold    . . .     Gourm    .   c - +0 kite shield
rNeg     . . .     Faith    .   b - +0 scale mail
rPois    .         Spirit   .   (no helmet)
rElec    .         Reflect  .   (no cloak)
rCorr    .         Harm     .   (no gloves)
MR       +....     Rnd*Rage +   (no boots)
Stlth    ..........             (no amulet)
HPRegen  0.00/turn              v - ring of attention (curse)
MPRegen  0.08/turn              (no ring)

@: berserking (expiring), non-regenerating, very quick
A: damage resistance, heal wounds, slimy green scales 1, berserk 1, sense
surroundings 1, no regeneration
a: Heal Wounds


You were on level 6 of the Dungeon.
You were not hungry.

You visited 1 branch of the dungeon, and saw 6 of its levels.
You also visited: Sewer.

You collected 201 gold pieces.

Inventory:

Hand Weapons
 a - a +0 war axe (weapon)
Missiles
 u - 2 throwing nets (quivered)
Armour
 b - a +0 scale mail (worn)
 c - a +0 kite shield (worn)
Jewellery
 v - a cursed ring of attention (left hand)
Wands
 r - a wand of acid (12) {@v1}
 s - a wand of flame (24)
Scrolls
 m - 2 scrolls of remove curse {@r6}
Potions
 g - 2 potions of curing {unknown}
 j - 5 potions of stabbing {@q5}
 k - 2 potions of might {@q3}
 l - a potion of flight
 t - a potion of heal wounds {@q2}
Comestibles
 e - 13 rations
 o - 2 chunks of flesh


   Skills:
 * Level 5.2 Fighting
 * Level 5.7 Axes
 + Level 5.0 Armour
 + Level 3.7 Dodging
 + Level 5.0 Shields


You had 7 spell levels left.
You didn't know any spells.
Your spell library was empty.

Dungeon Overview and Level Annotations

Branches:
Dungeon (6/15)             Temple (0/1) D:6           Sewer (visited)

Altars:
Ashenzari
Yredelemnul

Shops:
D:4 %


Innate Abilities, Weirdness & Mutations

You are resistant to damage.
You can heal yourself by infusing magical energy.
You passively map a small area around you.
You do not regenerate.
You are partially covered in slimy green scales. (AC +2)
You tend to lose your temper in combat.


Message History

Done exploring.
Done exploring.
Done exploring.
(D) Dungeon
Where to? (Enter - D:5, ? - help)
There is a stone staircase leading down here.
You climb downwards.
Found 24 stones and 2 scrolls labeled XEMNUASYMA.
There is a stone staircase leading up here.
As you read the scroll labeled UTIRGHO ACHUM, it crumbles to dust.
You feel blessed for a moment.
It was a scroll of remove curse.
As you read the scroll labeled XEMNUASYMA, it crumbles to dust.
You feel strangely unstable.
It was a scroll of teleportation.
As you read the scroll labeled VINOUX MUD, it crumbles to dust.
It is a scroll of amnesia.
You feel forgetful for a moment.
As you read the scroll labeled ROUSMO FUJA, it crumbles to dust.
The scroll dissolves into smoke.
It was a scroll of fog.
As you read the scroll labeled XUBRAMEO FEOCS, it crumbles to dust.
You smell sulphur.
It was a scroll of random uselessness.
As you read the scroll of fog, it crumbles to dust.
The scroll dissolves into smoke.
Your surroundings suddenly seem different.
A giant cockroach comes into view.
Found a stone staircase leading down.
As you read the scroll labeled ERYRRO WAHOVECW, it crumbles to dust.
You hear a loud clanging noise!
It was a scroll of noise.
You hear a bark! x3; You hear a shout!
As you read the scroll labeled QIBBOACZUY, it crumbles to dust.
It is a scroll of identify.
d - 5 potions of stabbing;
j - 5 potions of stabbing A jackal comes into view.
Oops, that ring feels deathly cold.
v - a cursed ring of attention (left hand)
As you read the scroll of identify {@r1}, it crumbles to dust.
q - a potion of mutation
As you read the scroll of identify {@r1}, it crumbles to dust.
l - a potion of flight The giant cockroach waves its antennae.
You block the giant cockroach's attack.
As you read the scroll of identify {@r1}, it crumbles to dust.
t - a potion of heal wounds You block the giant cockroach's attack.
Really quaff the potion of mutation?
You feel extremely strange.
You feel a little pissed off.
Slimy green scales grow over part of your body.
The giant cockroach bites you but does no damage.
You block the jackal's attack.
A jackal comes into view.
You block the giant cockroach's attack.
The jackal barks!
You slash the jackal!
You kill the jackal!
Your shield and scale mail prevent you from hitting the giant cockroach.
You block the giant cockroach's attack.
You closely miss the giant cockroach.
You block the giant cockroach's attack. x2
Your shield and scale mail prevent you from hitting the giant cockroach.
The giant cockroach bites you.
A jackal comes into view.
The jackal barks!
You slash the jackal!
You kill the jackal!
You closely miss the giant cockroach.
You block the giant cockroach's attack. x2
You hit the giant cockroach but do no damage.
The giant cockroach closely misses you.
Some of the chunks of flesh in your inventory have rotted away.
A red film seems to cover your vision as you go berserk!
You feel yourself moving faster!
You feel mighty!
You closely miss the giant cockroach. You block the giant cockroach's attack.
The giant cockroach closely misses you.
You slash the giant cockroach!
You kill the giant cockroach!
You closely miss the jackal. You block the jackal's attack.
You slash the jackal!
You kill the jackal!
No target in view!
No target in view!
No target in view!
No target in view!
No target in view!
No target in view!
Found a staircase to the Ecumenical Temple.
Things that are here:
a jackal corpse x2
You feel a strong urge to attack something.
No target in view!
No target in view!
No target in view!
No target in view!
No target in view!
No target in view!
No target in view!
No target in view!
No target in view!
No target in view!
No target in view!
Unknown command.
Are you sure you want to abandon this character and quit the game? (Confirm with "yes".)

........####
,
..........#
, ...8.8.8.#
* ...⌠.⌠..##
, #.8.>.8..#
#..⌠.⌠...#
#.8.8.8..#
#..@.....#
##..#....# *
*##†#.####
*#...#
#..>..#
#.##### #. ,
#. , * *## ,


There were no monsters in sight!

Vanquished Creatures
  A sky beast (D:5)
  An ice beast (D:5)
  An ogre (D:4)
  A centaur (D:5)
  A scorpion (D:4)
  A howler monkey (D:4)
  2 crimson imps (D:5)
  A hound (D:4)
  2 jellies (D:5)
  A centaur skeleton (D:5)
  2 orc wizards (D:5)
  4 worker ants
  A hound skeleton (D:4)
  A worker ant zombie (D:5)
  A howler monkey zombie (D:5)
  9 adders
  4 oozes (Sewer)
  A worm (D:4)
  13 leopard geckos (Sewer)
  8 orcs
  3 bats
  15 giant cockroaches
  5 goblins
  3 hobgoblins
  3 jackals (D:6)
  A quokka (D:3)
  11 ball pythons
  A ball python zombie (D:4)
  12 frilled lizards
  2 kobolds (D:3)
  A rat (D:1)
  A spectral orc (D:4)
114 creatures vanquished.

Vanquished Creatures (others)
  An orc wizard (D:4)
1 creature vanquished.

Grand Total: 115 creatures vanquished

Notes
Turn   | Place    | Note
-------+----------+-------------------------------------------
     0 | D:1      | EnegeticOcto the Deep Dwarf Fighter began the quest for the
                  | Orb.
     0 | D:1      | Reached XP level 1. HP: 20/20 MP: 1/1
    97 | D:2      | Reached XP level 2. HP: 25/27 MP: 2/2
   290 | D:2      | Found a shattered altar of Ashenzari.
   482 | D:3      | Reached XP level 3. HP: 24/34 MP: 3/3
   486 | D:3      | Reached skill level 1 in Dodging
   890 | D:4      | Noticed an ogre
   903 | D:4      | Killed an ogre
   903 | D:4      | Reached XP level 4. HP: 42/42 MP: 3/3
   903 | D:4      | Reached XP level 5. HP: 49/49 MP: 4/4
  1012 | D:4      | Reached XP level 6. HP: 38/57 MP: 5/5
  1051 | D:4      | Found a glowing drain.
  1119 | Sewer    | Entered a sewer
  1535 | D:4      | Found a basalt altar of Yredelemnul.
  1733 | D:4      | Found Baycseu's Food Emporium.
  1811 | D:5      | Entered Level 5 of the Dungeon
  1900 | D:5      | Reached XP level 7. HP: 59/66 MP: 4/4
  2226 | D:5      | Reached skill level 5 in Axes
  2332 | D:5      | Reached skill level 5 in Fighting
  2363 | D:5      | Reached skill level 5 in Shields
  2504 | D:5      | Reached skill level 5 in Armour
  2504 | D:5      | Reached XP level 8. HP: 40/74 MP: 2/2
  2628 | D:6      | Gained mutation: You tend to lose your temper in combat.
                  | [potion of mutation]
  2628 | D:6      | Gained mutation: You are partially covered in slimy green
                  | scales. (AC +2) [potion of mutation]
  2638 | D:6      | Found a staircase to the Ecumenical Temple.
  2641 | D:6      | Quit the game

Levels and vault maps discovered:
D:1:      minmay_arrival_diagonal_passages, layout_loops_ring
D:2:      layout_basic, lemuel_crystal_altar, lemuel_round_altar
D:3:      layout_basic
D:4:      layout_basic, yredelemnul_forgotten_temple_becter, serial_shops, shop,
          gup_sewer_entry_glass, first_ration
D:5:      layout_basic
D:6:      layout_basic, minmay_temple_entry_statues_fountains, uniq_duvessa,
          uniq_menkaure

Skill      XL: |  1  2  3  4  5  6  7 |
---------------+----------------------+-----
Fighting       | 3 4 5 |  5.2
Dodging        | 1 2 3 |  3.7
Axes           | 3 4 5 |  5.7
Shields        | 4 5 |  5.0
Armour         | 4 5 |  5.0

Action                   |  1- 3 |  4- 6 |  7- 9 || total
-------------------------+-------+-------+-------++-------
Melee: War axe           |   113 |   285 |   150 ||   548
 Abil: Heal Wounds       |     5 |     3 |     5 ||    13
  Use: Scroll            |       |       |    11 ||    11
       Potion            |       |       |     1 ||     1
  Eat: Chunk             |       |     5 |     2 ||     7
Armor: Scale mail        |    56 |   157 |    93 ||   306
Dodge: Dodged            |    47 |   155 |    54 ||   256
Block: Kite shield       |    67 |   160 |    87 ||   314

Table legend:
 A = Non-vault XP
 B = Vault XP
 C = Vault XP percentage of total XP
 D = Non-vault monster count
 E = Vault monster count
 F = Vault count percentage of total count
                 A         B        C        D         E       F
            +---------+---------+-------+---------+---------+-------
      Total |    1276 |     169 |  11.7 |      62 |      53 |  46.1
            +---------+---------+-------+---------+---------+-------
        D:1 |       6 |       0 |   0.0 |       4 |       0 |   0.0
        D:2 |      34 |       0 |   0.0 |       7 |       0 |   0.0
        D:3 |      35 |       0 |   0.0 |      13 |       0 |   0.0
        D:4 |     392 |      31 |   7.3 |      12 |       5 |  29.4
        D:5 |     801 |       0 |   0.0 |      22 |       0 |   0.0
        D:6 |       8 |       0 |   0.0 |       4 |       0 |   0.0
      Sewer |       0 |     138 | 100.0 |       0 |      48 | 100.0
            +---------+---------+-------+---------+---------+-------
